AoeStats
← Jaguar82

Arabia

510467946Analyzed
1v1 RM · 1d ago on Oct 1, 2026· 54m 38s· 2 players
Game mode
Random Map
Map size
Tiny (2 player)
Population
200
Speed
Normal
Resources
Standard
Victory
Conquest
Starting age
Dark Age
Ending age
Imperial Age
RankedLock teamsTeams togetherTeam positionsShared explorationLock speedFull tech treeHidden civsTurbo modeCheats
Victory
Defeat
🇲🇽 Khitans · Mexico
1476
+17
🇺🇸 Persians · United States
1494
-17
Jaguar82
5:29 Loom
9:10 Feudal Age
9:45 Double-Bit Axe
14:30 Forging
17:03 Scale Barding Armor
22:30 Castle Age
22:32 Wheelbarrow
23:13 Husbandry
25:39 Iron Casting
24:54 Town Watch
26:43 Squires
26:28 Arson
28:03 Scale Mail Armor
28:24 Chain Barding Armor
28:09 Scale Mail Armor
32:26 Gambesons
36:37 Chain Mail Armor
41:10 Imperial Age
38:44 Fletching
39:05 Light Cavalry
39:42 Bodkin Arrow
40:26 Gold Mining
40:26 Stone Mining
41:01 Bow Saw
41:33 Domestication
41:21 Heavy Camel Rider
42:28 Conscription
43:00 Plate Barding Armor
43:33 Bracer
44:15 Plate Mail Armor
43:26 Hussar
44:49 Pastoralism
46:54 Ordo Cavalry
47:59 Hand Cart
48:09 Elite Fire Lancer
52:44 Ballistics
53:24 Chemistry
52:20 Murder Holes
52:36 Masonry
52:37 Clinker Construction
53:39 Town Patrol
ASDFSA
8:17 Feudal Age
7:21 Loom
9:09 Double-Bit Axe
20:06 Castle Age
18:34 Forging
19:07 Scale Barding Armor
20:19 Bloodlines
19:57 Horse Collar
19:58 Light Cavalry
20:40 Husbandry
21:40 Wheelbarrow
25:25 Bow Saw
26:00 Hand Cart
25:30 Town Watch
28:31 Gold Mining
31:30 Chain Barding Armor
33:51 Stone Mining
38:42 Imperial Age
36:03 Crossbowman
36:38 Fletching
36:51 Padded Archer Armor
37:57 Iron Casting
37:20 Bodkin Arrow
38:09 Thumb Ring
39:24 Ballistics
40:37 Chemistry
41:54 Conscription
42:41 Plate Barding Armor
43:07 Heavy Camel Rider
44:38 Kamandaran
44:51 Kamandaran
45:01 Citadels
45:21 Hussar
47:05 Heavy Plow
53:08 Blast Furnace
52:09 Padded Archer Armor
52:00 Cavalier
53:03 Savar
53:10 Savar
Connection lost

Rejoining the realm…

Still unreachable

The connection could not be restored.

Session expired

The server has moved on; the page needs a fresh start.